 Dungeon Crawl Stone Soup version 0.29.1-2-gbd0b4ee654 (webtiles) character file.

Game seed: 1379640807889589948

62 qeuew the Trooper (level 3, -3/31 HPs)
             Began as a Palentonga Abyssal Knight on Nov 11, 2022.
             Was a Believer of Lugonu.
             Slain by a gnoll
             ... wielding a +0 whip
              (8 damage)
             ... on level 1 of the Dungeon.
             The game lasted 00:02:44 (1952 turns).

qeuew the Trooper (Palentonga Abyssal Knight)       Turns: 1952, Time: 00:02:45

Health: -3/31      AC:  5    Str: 18    XL:     3   Next: 85%
Magic:  5/5        EV:  9    Int: 10    God:    Lugonu [**....]
Gold:   74         SH:  0    Dex: 12    Spells: 2/2 levels left

rFire   . . .      SeeInvis +   a - +1 hand axe
rCold   . . .      Faith    .   (no shield)
rNeg    . . .      Spirit   .   b - +1 leather armour
rPois   .          Reflect  .   (no helmet)
rElec   .          Harm     .   (no cloak)
rCorr   .          Rampage  .   (no gloves)
Will    .....                   (no barding)
Stlth   +.........              (no amulet)
HPRegen 0.10/turn               (no ring)
MPRegen 0.09/turn               (no ring)

@: no status effects
A: large, rugged brown scales 3, see invisible, deformed body, roll 1, armoured
tail, fangs 1, sturdy frame 1
a: Rolling Charge, Renounce Religion, Depart the Abyss, Bend Space


You were on level 1 of the Dungeon.
You worshipped Lugonu.
Lugonu was pleased with you.
You visited 1 branch of the dungeon, and saw 2 of its levels.
You visited the Abyss 1 time.

You collected 74 gold pieces.

Inventory:

Hand Weapons
 a - a +1 hand axe (weapon)
Armour
 b - a +1 leather armour (worn)
Scrolls
 d - a scroll of fear
Potions
 c - a potion of mutation


   Skills:
 + Level 3.4 Fighting
 + Level 2.5 Axes
 + Level 2.0 Armour
 + Level 1.4 Dodging
 + Level 2.7 Invocations


You had 2 spell levels left.
You didn't know any spells.
Your spell library contained the following spells:

 Spells                   Type           Power      Damage    Failure   Level
 Blade Hands              Tmut           0%         N/A       100%        5
 Irradiate                Conj/Tmut      0%         3d11      100%        5
 Dragon Form              Tmut           0%         N/A       100%        7
 Borgnjor's Revivificati  Necr           0%         N/A       100%        8
 Necromutation            Tmut/Necr      0%         N/A       100%        8
 Death's Door             Necr           0%         N/A       100%        9


Dungeon Overview and Level Annotations

Branches:
Dungeon (2/15)

Altars:


Innate Abilities, Weirdness & Mutations

You are completely covered in rugged brown scales. (AC +3, +7% HP)
You have supernaturally acute eyesight. (SInv)
Armour fits poorly on your strangely shaped body.
You can roll at nearby foes to attack.
You have a long armoured tail.
You have very sharp teeth.
Your movements are slightly less encumbered by armour. (ER -2)


Message History

There are monsters nearby!
You barely miss the rat.
The gnoll shouts!
You tail-slap the rat.
You kill the rat!
Lugonu accepts your kill.
You hear a shout! x2
There's nothing you can charge at!
A gnoll comes into view. It is wielding a +0 whip.
There are monsters nearby!
You roll forward with a clatter of scales!
A gnoll comes into view. It is wielding a +0 spear.
You slash the gnoll!
The gnoll is almost dead.
The gnoll hits you from afar with a +0 spear. x2
The gnoll barely misses you.
The gnoll hits you from afar with a +0 spear.
You closely miss the gnoll. You tail-slap the gnoll.
You kill the gnoll!
Lugonu accepts your kill.
The gnoll hits you but does no damage. x2
Your life force feels restored.
Unknown command.
The gnoll hits you from afar with a +0 spear!
The gnoll hits you from afar with a +0 spear.
The gnoll barely misses you.
There is a stone staircase leading up here.
There is a stone staircase leading up here.
The gnoll hits you but does no damage. The gnoll barely misses you.
There is a stone staircase leading up here.
The gnoll closely misses you. The gnoll hits you with a +0 whip.
You climb upwards.
There is a stone staircase leading down here.
You closely miss the gnoll. You tail-slap the gnoll.
The gnoll is moderately wounded.
You hit the gnoll. The gnoll hits you with a +0 whip!
* * * LOW HITPOINT WARNING * * *
The gnoll closely misses you.
You fail to use your ability.
The gnoll hits you with a +0 whip!
You die...

#...).......##.##
#.......###.#...####
###......## #...>....#
#..)....## #.#...##.#
#.###..## #.##.###.#
#.....## #.##.###.## #..)..#
#.##.†....######
#.###.#######..#####........
#.....#...g@g...# #.#######
##.>###.######..# #.#
##.##...## #..# #.#
#.#.....## #..# #.#
#.††.....###..# #.#
#.........##..####.#
##.................#
##.....####..###### ##...##
#..#


You could see 2 gnolls.

Vanquished Creatures
  2 gnolls
  An adder (D:2)
  2 worms (D:2)
  2 endoplasms (D:1)
  5 goblins (D:1)
  4 hobgoblins (D:1)
  2 ball pythons (D:1)
  2 bats (D:1)
  3 frilled lizards (D:1)
  5 kobolds
  3 rats
31 creatures vanquished.

Vanquished Creatures (others)
  6 fungi (D:1)
  A plant (D:1)
7 creatures vanquished.

Grand Total: 38 creatures vanquished

Notes
Turn   | Place    | Note
-------+----------+-------------------------------------------
     0 | Abyss:1  | qeuew the Palentonga Abyssal Knight began the quest for the
                  | Orb.
     0 | Abyss:1  | Reached XP level 1. HP: 19/19 MP: 2/2
    53 | Abyss:1  | Noticed a water elemental
    53 | Abyss:1  | Noticed a thrashing horror
    84 | Abyss:1  | Noticed a tormentor
    89 | D:1      | Escaped the Abyss
   702 | D:1      | Reached ** piety under Lugonu
   703 | D:1      | Reached skill level 1 in Dodging
   715 | D:1      | Reached XP level 2. HP: 25/25 MP: 3/3
  1173 | D:1      | Reached XP level 3. HP: 16/29 MP: 4/4
  1495 | D:1      | Found a faded altar of an unknown god.
  1502 | D:1      | Gained mutation: Your movements are slightly less
                  | encumbered by armour. (ER -2) [potion of mutation]
  1502 | D:1      | Gained mutation: You have very sharp teeth. [potion of
                  | mutation]
  1952 | D:1      | Slain by a gnoll

Illustrated notes

Levels and vault maps discovered:
D:1:      lightli_arrival_maybe_door_vault, layout_loops_ring,
          shapermc_ecumenical_altar_hornbeckon, minmay_tromino_i2
D:2:      layout_basic

Skill      XL: |  1  2  3 |
---------------+----------+-----
Dodging        | 1 |  1.4
Armour         | 2 |  2.0
Fighting       | |  3.4
Axes           | |  2.5
Invocations    | |  2.7

Action                   || total
-------------------------++-------
Melee: Hand axe          ||    94
       Tailslap          ||    11
       Bite              ||     1
Invok: Depart the Abyss  ||     1
       Bend Space        ||     1
 Abil: Rolling Charge    ||    15
  Use: Scroll            ||     6
       Potion            ||     1
Armor: Leather armour    ||    29
Dodge: Dodged            ||    43
